 Dungeon Crawl Stone Soup version 0.20-a0-941-gba1b1f9 (webtiles) character file.

119 Amnesiac the Conjurer (level 4, -17/24 HPs)
             Began as a Deep Elf Venom Mage on Apr 1, 2017.
             Blown up by Ijyb (21 damage)
             ... with a wand of disintegration (?/24)
             ... on level 3 of the Dungeon.
             The game lasted 00:04:43 (2261 turns).

Amnesiac the Conjurer (Deep Elf Venom Mage)         Turns: 2261, Time: 00:04:44

Health: -17/24     AC:  3    Str:  3    XL:     4   Next: 74%
Magic:  8/10       EV: 18    Int: 21    God:
Gold:   93         SH:  0    Dex: 20    Spells: 8/9 levels left

rFire    . . .     SeeInvis .   s - staff of earth
rCold    . . .     Gourm    .   (no shield)
rNeg     . . .     Faith    .   a - +0 robe
rPois    .         Spirit   .   l - +0 helmet
rElec    .         Reflect  .   (no cloak)
rCorr    .         Harm     .   (no gloves)
MR       .....                  (no boots)
Stlth    +++.......             (no amulet)
Regen    0.1/turn               (no ring)
MPRegen  0.2/turn               (no ring)

@: agile, very slightly contaminated, hasted, very quick
A: screaming 1, weak 1, wild magic 1
a: no special abilities


You were on level 3 of the Dungeon.
You were not hungry.

You visited 1 branch of the dungeon, and saw 3 of its levels.

You collected 93 gold pieces.

Inventory:

Armour
 a - a +0 robe (worn)
 l - a +0 helmet (worn)
Magical Staves
 s - an uncursed staff of earth (weapon)
Scrolls
 e - a scroll of noise {unknown}
 g - 5 scrolls of identify {unknown}
 h - a scroll of blinking {unknown}
 i - 4 scrolls of enchant weapon {unknown}
 n - 2 scrolls of teleportation {unknown}
 o - 3 scrolls of recharging {unknown}
 q - a scroll of amnesia {unknown}
Potions
 m - a potion of mutation
Books
 b - a Young Poisoner's Handbook

   Spells                             Type                      Level
   a - Sting                          Conjuration/Poison           1
   b - Poisonous Vapours              Poison/Air                   2
   c - Mephitic Cloud                 Conjuration/Poison/Air       3
   d - Olgreb's Toxic Radiance        Poison                       4
   e - Venom Bolt                     Conjuration/Poison           5
Comestibles
 c - a bread ration
 d - 2 meat rations
 f - 4 chunks of flesh


   Skills:
 - Level 2.4 Dodging
 - Level 2.4 Stealth
 - Level 3.0 Spellcasting
 + Level 4.6 Conjurations
 - Level 4.0 Poison Magic


You had 8 spell levels left.
You knew the following spells:

 Your Spells              Type           Power        Failure   Level  Hunger
a - Sting                 Conj/Pois      ####         3%          1    None


Dungeon Overview and Level Annotations

Branches:
Dungeon (3/15)

Altars:

Annotations:
D:3 Ijyb


Innate Abilities, Weirdness & Mutations

You occasionally shout uncontrollably at your foes.
You are weak. (Str -2)
Your spells are a little harder to cast, but a little more powerful.


Message History

You feel sick.
You are very lightly contaminated with residual magic.
It was a potion of curing.
You feel better. Ijyb closely misses you.
Casting: Sting
Confirm with . or Enter, or press ? or * to list all spells.
Aiming: Sting
Press: ? - help, Shift-Dir - straight line, f/p - Ijyb
Aim: Ijyb, wearing a chain mail and carrying a wand of disintegration (?/24) {zapped: 2} (lightly wounded)
The sting misses Ijyb.
Ijyb zaps a wand.
You are blasted!
* * * LOW HITPOINT WARNING * * *
Casting: Sting
Confirm with . or Enter, or press ? or * to list all spells.
Aiming: Sting
Press: ? - help, Shift-Dir - straight line, f/p - Ijyb
Aim: Ijyb, wearing a chain mail and carrying a wand of disintegration (?/24) {zapped: 3} (lightly wounded)
The sting hits Ijyb.
Ijyb is poisoned.
Ijyb is moderately wounded.
Ijyb zaps a wand.
You are blasted!
Ouch! That really hurt!
You die...

..### #######.#.. #..#.........
.. ........##. #............
.........#.## ##.##..#..... ...
.........#..####.##..#.....
#...#..........##......##..#....(
#..... #...................#...##
#.)...##.####.###....).###.......
....(.#.####g###......# ######..
..........(....@...)..# #..
##......##..........# ##)
#......##..........# #.
#.......#....##..#.##### #.
#.......#............... #.
#.......#............... #[
.........#............... #.
...........#............... #.
.....###....#.........>..... #.


You could see Ijyb.

Vanquished Creatures
  4 adders
  3 gnolls (D:3)
  A worm (D:2)
  A dart slug (D:1)
  A leopard gecko (D:1)
  An orc (D:2)
  7 bats
  A giant cockroach (D:2)
  3 goblins
  6 hobgoblins
  5 jackals
  A quokka (D:2)
  3 frilled lizards
  7 kobolds
  8 rats
52 creatures vanquished.

Notes
Turn   | Place    | Note
-------+----------+-------------------------------------------
     0 | D:1      | Amnesiac the Deep Elf Venom Mage began the quest for the Orb.
     0 | D:1      | Reached XP level 1. HP: 10/10 MP: 6/6
   197 | D:1      | Reached XP level 2. HP: 14/15 MP: 5/8
   815 | D:2      | Reached XP level 3. HP: 19/19 MP: 2/9
  1793 | D:2      | Reached XP level 4. HP: 24/24 MP: 7/10
  2223 | D:3      | Noticed Ijyb
  2245 | D:3      | Gained mutation: You are weak. (Str -2) [potion of mutation]
  2245 | D:3      | Gained mutation: You occasionally shout uncontrollably at your foes. [potion of mutation]
  2245 | D:3      | Gained mutation: Your spells are a little harder to cast, but a little more powerful. [potion of mutation]
  2252 | D:3      | HP: 1/24 [poisoned by an adder]
  2261 | D:3      | Blown up by Ijyb

Vault maps used:
D:1:      onia_arrival_mini_spirals, serial_curves, eino_curves_03,
          eino_curves_04, eino_curves_03, minmay_misc_feat_rows
D:3:      trog_hazing_becter, uniq_iyjb

Skill      XL: |  1  2  3  4 |
---------------+-------------+-----
Conjurations   | 2 3 4 |  4.6
Poison Magic   | 4 |  4.0
Dodging        | |  2.4
Stealth        | |  2.4
Spellcasting   | |  3.0

Action                   |  1- 3 |  4- 6 || total
-------------------------+-------+-------++-------
 Cast: Sting             |    90 |    40 ||   130
  Use: Potion            |       |     5 ||     5
  Eat: Chunk             |     2 |     2 ||     4
Armor: Robe              |     1 |     3 ||     4
Dodge: Dodged            |    21 |    10 ||    31
